 Dungeon Crawl Stone Soup version 0.29-a0-857-g9b1aa3ac5b (webtiles) character file.

Game seed: 6185285174368898584

29 mathmaestro the Grave Robber (level 3, -1/26 HPs)
             Began as a Demonspawn Necromancer on July 16, 2022.
             Slain by a quokka (3 damage)
             ... on level 2 of the Dungeon.
             The game lasted 00:03:22 (1218 turns).

mathmaestro the Grave Robber (DsNe)                 Turns: 1218, Time: 00:03:47

Health: -1/26      AC:  2    Str:  8    XL:     3   Next: 1%
Magic:  0/6        EV: 12    Int: 18    God:
Gold:   13         SH:  0    Dex: 13    Spells: 5/6 levels left

rFire   + . .      SeeInvis +   c - +0 dagger
rCold   . . .      Faith    .   (no shield)
rNeg    . . .      Spirit   .   a - +0 robe
rPois   .          Reflect  .   (no helmet)
rElec   .          Harm     .   (no cloak)
rCorr   .          Rampage  .   (no gloves)
Will    .....                   (no boots)
Stlth   ++........              (no amulet)
HPRegen 0.08/turn               i - ring of protection from fire
MPRegen 0.10/turn               j - ring of see invisible

@: no status effects
A: demonic touch 2
a: no special abilities


You were on level 2 of the Dungeon.
You visited 1 branch of the dungeon, and saw 2 of its levels.

You collected 13 gold pieces.

Inventory:

Hand Weapons
 c - a +0 dagger (weapon)
Missiles
 l - 2 javelins
Armour
 a - a +0 robe (worn)
Jewellery
 i - a ring of protection from fire (left hand)
 j - a ring of see invisible (right hand)
Scrolls
 f - 3 scrolls of identify {unknown}
 g - 2 scrolls of immolation {unknown}
 k - a scroll of blinking {unknown}
 m - a scroll of torment {unknown}
Potions
 b - a potion of magic
 d - 2 potions of curing {unknown}
 e - a potion of haste {unknown}
 h - a potion of attraction {unknown}


   Skills:
 + Level 1.1 Fighting
 - Level 2.0 Dodging
 - Level 2.0 Stealth
 + Level 2.4 Spellcasting
 + Level 4.7 Necromancy


You had 5 spell levels left.
You knew the following spells:

 Your Spells              Type           Power      Damage    Failure   Level
a - Necrotise             Necr           76%        1d7       2%          1

Your spell library contained the following spells:

 Spells                   Type           Power      Damage    Failure   Level
 Vampiric Draining        Necr           19%        2d7       8%          3
 Animate Dead             Necr           19%        N/A       26%         4
 Agony                    Necr           19%        N/A       56%         5


Dungeon Overview and Level Annotations

Branches:
Dungeon (2/15)

Altars:

Shops:
D:1 =   D:2 !(


Innate Abilities, Weirdness & Mutations

Your touch may inflict irresistible damage on your foes.


Message History

The bat hits you but does no damage. The bat hits you. The quokka bites you.
Casting: Necrotise (safe; 2% risk of failure)
Confirm with . or Enter, or press ? or * to list all spells.
Aiming: Necrotise (safe; 2% risk of failure)
Press: ? - help, Shift-Dir - straight line, f/p - bat
Aim: a bat (moderately wounded, chance to affect: 89%)
The bat writhes in agony.
You kill the bat!
The dead are flying!
The quokka bites you.
* * * LOW HITPOINT WARNING * * *
You hit the quokka but do no damage.
Your bat skeleton misses the quokka. x2
The quokka bites you.
* * * LOW HITPOINT WARNING * * *
The quokka attacks as you move away! The quokka bites you.
* * * LOW HITPOINT WARNING * * *
Your bat skeleton completely misses the quokka.
Your bat skeleton barely misses the quokka.
Your bat skeleton closely misses the quokka.
Your bat skeleton hits the quokka but does no damage.
The quokka bites your bat skeleton.
Your bat skeleton completely misses the quokka.
Your bat skeleton misses the quokka.
Your bat skeleton closely misses the quokka.
The quokka attacks as you move away! The quokka barely misses you.
Your bat skeleton barely misses the quokka.
Your bat skeleton hits the quokka but does no damage.
Your bat skeleton closely misses the quokka.
Your bat skeleton hits the quokka.
Your bat skeleton hits the quokka but does no damage.
Your bat skeleton closely misses the quokka.
Casting: Necrotise (safe; 2% risk of failure)
Confirm with . or Enter, or press ? or * to list all spells.
Aiming: Necrotise (safe; 2% risk of failure)
Press: ? - help, Shift-Dir - straight line, f - quokka
Aim: a quokka (moderately wounded, ally target, chance to affect: 89%)
The quokka writhes in agony.
Your bat skeleton hits the quokka but does no damage. x2
The quokka bites you but does no damage.
Your bat skeleton misses the quokka.
The quokka bites you.
You die...

#.....##♣.#.#####
##
#.#<.............
...###.#......#####
.##..∩......##
#.#.#.####..#
#.....# #..#
##..#.# #..##
##.#.# #.>.
#@#.###.###
#r#.......#
#Z##....#.#
#.##>#### #.##.#
######.##.#
#.......#.# #
######..#.## !.
######.....#.#


You could see a quokka (ally target) and a friendly bat skeleton.

Vanquished Creatures
  A dart slug (D:1)
  2 bats
  2 endoplasms (D:1)
  2 goblins (D:1)
  6 jackals (D:2)
  A quokka (D:1)
  6 ball pythons (D:1)
  2 kobolds (D:1)
  A rat (D:1)
23 creatures vanquished.

Vanquished Creatures (collateral kills)
  A goblin (D:2)
1 creature vanquished.

Vanquished Creatures (others)
  An elf (D:1)
  A troll (D:1)
  A merfolk (D:1)
  A vampire (D:1)
  2 humans (D:1)
  A naga (D:1)
  2 demigods (D:1)
  A dwarf (D:1)
  An ogre (D:1)
  2 gnolls (D:1)
  An orc (D:1)
  A kobold (D:1)
  A fungus (D:2)
  8 tentacles (D:1)
24 creatures vanquished.

Grand Total: 48 creatures vanquished

Notes
Turn   | Place    | Note
-------+----------+-------------------------------------------
     0 | D:1      | mathmaestro the Demonspawn Necromancer began the quest for
                  | the Orb.
     0 | D:1      | Reached XP level 1. HP: 13/13 MP: 3/3
     2 | D:1      | Noticed a human
     2 | D:1      | Noticed a human
     2 | D:1      | Noticed a merfolk
     2 | D:1      | Noticed an ogre
     2 | D:1      | Noticed an elf
     2 | D:1      | Noticed a demigod
     2 | D:1      | Noticed a kraken
     2 | D:1      | Noticed a vampire
     2 | D:1      | Noticed a demigod
     2 | D:1      | Noticed a dwarf
     2 | D:1      | Noticed a troll
     2 | D:1      | Noticed a naga
     3 | D:1      | Killed a merfolk
     7 | D:1      | Killed a human
     9 | D:1      | Killed a human
    10 | D:1      | Killed an ogre
    12 | D:1      | Killed an elf
    16 | D:1      | Killed a demigod
    19 | D:1      | Killed a troll
    20 | D:1      | Killed a dwarf
    22 | D:1      | Killed a vampire
    24 | D:1      | Killed a naga
    25 | D:1      | Killed a demigod
   147 | D:1      | Gained mutation: Your touch may inflict minor irresistible
                  | damage on your foes. [demonic ancestry]
   147 | D:1      | Reached XP level 2. HP: 18/20 MP: 0/5
   389 | D:1      | Found Haolupog's Jewellery Shoppe.
  1108 | D:2      | Found Umekizyoh's Weapon Boutique.
  1120 | D:2      | Reached skill level 1 in Fighting
  1125 | D:2      | Found Toemmosi's Distillery.
  1194 | D:2      | Gained mutation: Your touch may inflict irresistible damage
                  | on your foes. [demonic ancestry]
  1194 | D:2      | Reached XP level 3. HP: 19/26 MP: 0/6
  1218 | D:2      | Slain by a quokka

Illustrated notes

Levels and vault maps discovered:
D:1:      nicolae_arrival_kraken_aquarium_b, layout_basic, serial_glass,
          glass_columns_a, glass_columns_b, due_unseen_surprise,
          feat_on_display, feat_on_display, minmay_strange_pillars,
          serial_shops, shop, hangedman_decor_points, minivault_25
D:2:      cheibrodos_fertilizer, layout_loops_ring,
          shapermc_ecumenical_altar_acropolis, serial_glass, glass_columns_a,
          glass_columns_b, glass_columns_c, glass_columns_b, glass_columns_c,
          glass_columns_b, glass_columns_a, glass_columns_b, serial_shops,
          nicolae_shop_trees, nicolae_shop_waterfront, shop_fountains,
          nicolae_shop_hallway_plus, nicolae_shop_crystal, grunt_ministairs_4,
          minmay_bisected, uniq_terence

Skill      XL: |  1  2 |
---------------+-------+-----
Stealth        | 2 |  2.0
Dodging        | 2 |  2.0
Fighting       | 1 |  1.1
Spellcasting   | |  2.4
Necromancy     | |  4.7

Action                   || total
-------------------------++-------
Melee: Dagger            ||    14
       Touch             ||     1
 Cast: Necrotise         ||    35
Armor: Robe              ||     6
Dodge: Dodged            ||    30

Table legend: (Time is in decaauts)
 A = Elapsed time spent in this place.
 B = Non-inter-level travel time spent in this place.
 C = Inter-level travel time spent in this place.
 D = Time resting spent in this place.
 E = Time spent auto-exploring this place.
 F = Levels seen in this place.
 G = Mean time per level.
                   A        B        C        D        E       F      G
               +--------+--------+--------+--------+--------+-----+--------+
         Total |   1216 |   1151 |     65 |    126 |    835 |   2 |  608.0 |
       Dungeon |   1216 |   1151 |     65 |    126 |    835 |   2 |  608.0 |
               +--------+--------+--------+--------+--------+-----+--------+

Top non-repeatable levels by time:
     D:1: 1106 daAuts
     D:2: 109 daAuts
